Unix NetHack Version 3.7.0-86 Work-in-progress - last build May 30 2023 11:53:40 (cc98dc9aa62a9957b082a042edf5bd7ec9f632c7,branch:master). Game began 2023-06-14 16:03:35, ended 2023-06-18 15:14:37. Grasshopper, neutral male human Wizard ------- ......... .....)..[.. A D ...........- .......@...- A A ------ ...A.......| @ & D ....| -...------- ---------[.-- ----@--- A |..w.wx.|...-- --.@.A... AB @ |.AwwD..|))..---......... @ & A |..@@ww.+)$)).+......... A B @ |.wwww..|..).---....... @ @ @ |.w.w...|...-- --...... D@ @@ @ ---------..-- ------ A ...| A @ ----- A A A Grasshopper the Wizard St:18/** Dx:23 Co:18 In:23 Wi:23 Ch:18 Neutral S:1385178 Astral Plane $:0 HP:413(413) Pw:342(582) AC:-48 Xp:28/80016886 Satiated T:54477 Latest messages: The purple worm drops the Amulet of Yendor. There are a few objects here. The purple worm eats a priestess corpse. You hear some noises in the distance. "Burrrrp!" The purple worm picks up the Amulet of Yendor. The purple worm bites the Angel of Thoth. The purple worm swallows the Angel of Thoth. "Burrrrp!" The Angel of Thoth is killed! There are a few objects here. The purple worm drops the Amulet of Yendor. z - a scroll of teleportation. "Burrrrp!" The high priestess intones: "Pilgrim, you enter a sacred place!" The purple worm picks up the Amulet of Yendor. "Burrrrp!" You feel the amulet draining your energy away. Where do you want to jump? (For instructions type a '?') There is a high altar to Thoth (neutral) here. You feel the amulet draining your energy away. In what direction? 6 The door swings shut, and locks! Death moves Dave the invisible Chirurgeon out of the way! What do you want to use or apply? [cin-uyAEJ-LPUYZ or ?*] i What do you want to use or apply? [cin-uyAEJ-LPUYZ or ?*] q You produce a strange whistling sound. Many creatures shift locations. What do you want to use or apply? [cin-uyAEJ-LPUYZ or ?*] q You produce a strange whistling sound. Many creatures shift locations. The purple worm drops the Amulet of Yendor. The purple worm slithers reluctantly over a mace. What do you want to use or apply? [cin-uyAEJ-LPUYZ or ?*] s In what direction? 9 Status of Romper (lawful, gigantic): Level 22 HP 87(176) AC -1, tame, fast, invisible. What do you want to sacrifice? [g or ?*] g You offer the Amulet of Yendor to Thoth... An invisible choir sings, and you are bathed in radiance... The voice of Thoth rings out: "Mortal, thou hast done well!" "In return for thy service, I grant thee the gift of Immortality!" You ascend to the status of Demigod... Do you want your possessions identified? [ynq] (y) y Do you want to see your attributes? [ynq] (y) y Do you want an account of creatures vanquished? [ynaq] (y) y Do you want a list of extinct species? [ynaq] (y) y Do you want to see your conduct and achievements? [ynq] (y) y Do you want to see the dungeon overview? [ynq] (y) y Inventory: Amulets ('"') I - the blessed Eye of the Aethiopica Q - a blessed amulet of life saving (being worn) Weapons (')') a - the blessed rustproof +2 Magicbane (alternate weapon; not wielded) f - 16 blessed poisoned rustproof +8 darts named +8 (at the ready) h - the blessed rustproof +7 Vorpal Blade (weapon in hand) w - 3 blessed poisoned rustproof +8 darts named +8 R - 5 blessed fireproof +8 elven daggers named +8 Armor ('[') b - a blessed fireproof +4 cloak of protection (being worn) B - a blessed fireproof +4 pair of water walking boots (being worn) D - a blessed fireproof +4 small shield (being worn) G - a blessed fireproof +5 pair of gauntlets of dexterity (being worn) H - a blessed +5 helm of brilliance (being worn) S - a blessed greased +4 silver dragon scale mail (being worn) T - a blessed burnt +4 Hawaiian shirt with a flamingo motif (being worn) Comestibles ('%') F - an uncursed lizard corpse named Lizard of Oz O - an uncursed tripe ration Scrolls ('?') v - a cursed scroll of teleportation x - an uncursed scroll of create monster z - a blessed scroll of teleportation X - 3 blessed scrolls of taming Wands ('/') o - an uncursed wand of light (0:9) p - an uncursed wand of cold (0:6) r - an uncursed wand of striking (0:8) y - an uncursed wand of sleep (0:4) A - an uncursed wand of slow monster (1:7) E - an uncursed wand of death (0:4) J - an uncursed wand of digging (0:5) K - an uncursed wand of cold named 0 (0:8) Z - an uncursed wand of teleportation (0:3) Rings ('=') e - a blessed +6 ring of increase damage (on left hand) C - a blessed +7 ring of increase damage (on right hand) Potions ('!') m - an uncursed potion of sickness Tools ('(') c - an uncursed skeleton key i - a blessed greased bag of holding containing 120 items n - an uncursed tooled horn q - an uncursed magic whistle s - a blessed stethoscope t - an uncursed towel u - an uncursed +0 unicorn horn L - a blessed magic lamp (lit) P - the blessed greased Platinum Yendorian Express Card U - an uncursed oilskin sack named <<< CANCELLATION >>> containing 1 item Y - the uncursed Candelabrum of Invocation (7 of 7 candles, lit) Gems/Stones ('*') N - an uncursed luckstone Contents of the bag of holding: an uncursed amulet of guarding an uncursed amulet of life saving an uncursed amulet of magical breathing an uncursed amulet of unchanging 7 blessed rustproof +8 darts named +8 an uncursed +0 helm of opposite alignment an uncursed +0 pair of speed boots an uncursed fireproof +0 cloak of magic resistance a blessed +1 mummy wrapping a blessed fireproof +5 robe 4 uncursed pineapples 2 uncursed apples 5 blessed eucalyptus leaves 2 uncursed fortune cookies 2 uncursed K-rations an uncursed lembas wafer 2 uncursed lumps of royal jelly a blessed sprig of wolfsbane 2 uncursed tripe rations a blessed tin of chameleon meat a blessed tin of spinach a blessed cockatrice egg 2 blessed eggs named chook 2 uncursed eggs named chook 3 blessed scrolls of blank paper an uncursed scroll of blank paper 2 cursed scrolls of blank paper 3 blessed scrolls of charging 2 blessed scrolls of genocide 4 blessed scrolls of gold detection an uncursed scroll of gold detection a blessed scroll of identify a blessed scroll of light a blessed scroll of remove curse 3 uncursed scrolls of taming 2 uncursed scrolls of teleportation an uncursed wand of cold (0:7) an uncursed wand of cold (0:5) an uncursed wand of cold (0:4) an uncursed wand of cold named 1 (0:3) an uncursed wand of create monster (1:8) an uncursed wand of death (0:6) an uncursed wand of digging (0:8) an uncursed wand of digging (0:8) an uncursed wand of digging (0:7) an uncursed wand of enlightenment (1:4) an uncursed wand of fire (0:5) an uncursed wand of lightning (0:7) an uncursed wand of lightning (0:6) an uncursed wand of locking (0:4) an uncursed wand of magic missile (0:6) an uncursed wand of opening (0:8) an uncursed wand of polymorph (1:5) an uncursed wand of polymorph (0:5) an uncursed wand of polymorph (0:2) an uncursed wand of probing (0:4) an uncursed wand of probing (1:3) an uncursed wand of secret door detection (0:14) a blessed wand of sleep (0:8) an uncursed wand of sleep (0:8) an uncursed wand of sleep (0:4) an uncursed wand of slow monster (0:5) an uncursed wand of speed monster (0:7) an uncursed wand of speed monster (0:6) an uncursed wand of speed monster (0:4) an uncursed wand of speed monster (0:3) an uncursed wand of speed monster (2:3) an uncursed wand of striking (0:7) a blessed wand of teleportation (0:5) a blessed wand of teleportation (0:5) an uncursed wand of teleportation (0:8) an uncursed wand of teleportation (0:8) an uncursed wand of teleportation (0:8) an uncursed wand of teleportation (0:7) an uncursed wand of teleportation (0:7) an uncursed wand of teleportation (0:7) an uncursed wand of undead turning (0:8) an uncursed wand of wishing (0:3) an uncursed wand of wishing (0:1) a blessed -1 ring of adornment an uncursed +1 ring of adornment an uncursed ring of conflict a blessed ring of free action an uncursed +2 ring of gain constitution an uncursed +5 ring of increase accuracy an uncursed +1 ring of increase damage an uncursed +1 ring of increase damage an uncursed ring of invisibility an uncursed ring of levitation a blessed ring of polymorph an uncursed ring of polymorph control a blessed +2 ring of protection an uncursed ring of protection from shape changers an uncursed ring of regeneration an uncursed ring of regeneration an uncursed ring of searching a blessed ring of shock resistance an uncursed ring of slow digestion an uncursed ring of teleport control 4 blessed potions of full healing an uncursed potion of healing a blessed potion of levitation a blessed potion of restore ability an uncursed potion of speed 5 potions of holy water a potion of unholy water an empty uncursed sack an uncursed sack named LOOOT DO NOT REMOVE containing 1 item an uncursed magic flute named 2 (0:6) an uncursed magic marker (1:42) an uncursed magic marker (1:8) an uncursed magic marker (0:5) 3 uncursed agate stones an uncursed amethyst stone 2 uncursed garnet stones an uncursed jacinth stone 3 uncursed jet stones 4 uncursed opals an uncursed sapphire an uncursed luckstone Contents of the sack named LOOOT DO NOT REMOVE: an uncursed sack named 6 containing 1 item Contents of the sack named 6: an uncursed sack named 5 containing 1 item Contents of the sack named 5: an uncursed sack named 4 containing 1 item Contents of the sack named 4: an uncursed greased sack named 3 containing 1 item Contents of the sack named 3: an uncursed sack named 2 containing 1 item Contents of the sack named 2: an uncursed sack named 1 containing 1 item Contents of the sack named 1: a blessed bag of holding containing 23 items Contents of the bag of holding: the blessed rustproof +7 Dragonbane the uncursed rustproof +0 Mjollnir the blessed rustproof +1 Sunsword 12 uncursed agate stones 27 uncursed amber stones 22 uncursed amethyst stones 8 uncursed aquamarine stones 14 uncursed black opals 35 uncursed chrysoberyl stones 5 uncursed citrine stones 5 uncursed diamonds 4 uncursed dilithium crystals 24 uncursed emeralds 4 uncursed fluorite stones 13 uncursed garnet stones 8 uncursed jacinth stones 18 uncursed jade stones 15 uncursed jasper stones 17 uncursed jet stones 21 uncursed obsidian stones 14 uncursed opals 15 uncursed rubies 6 uncursed sapphires Contents of the oilskin sack named <<< CANCELLATION >>>: an uncursed wand of cancellation (1:9) Grasshopper the Wizard's attributes: Background: You were a Wizard, level 28 male human. You were neutral, on a mission for Thoth who was opposed by Ptah (lawful) and Anhur (chaotic). You were in the endgame, on the Astral Plane. You entered the dungeon 54477 turns ago. There was a new moon in effect when your adventure ended. You had 80016886 experience points, 9983114 more were needed for level 29. Your score was 1385178 before end-of-game adjustments. Basics: You had all 413 hit points. You had 342 out of 582 energy points (spell power). Your armor class was -48. Your wallet was empty. Autopickup was on for '"?+/=!*' plus thrown, with exceptions. Final Characteristics: Your strength was 18/100 (limit:18/100). Your dexterity was 23 (base:18, innate limit:18). Your constitution was 18 (limit:18). Your intelligence was 23 (base:18, innate limit:18). Your wisdom was 23 (base:18, innate limit:18). Your charisma was 18 (limit:18). Final Status: You were satiated. You were unencumbered. You were wielding a long sword. You had basic skill with long sword. Final Attributes: You were the Envoy of Balance. You were piously aligned. You were magic-protected. You were fire resistant. You were cold resistant. You were sleep resistant. You were disintegration resistant. You were shock resistant. You were poison resistant. You saw invisible. You were telepathic. You were warned. You were sensing the presence of monsters. You were invisible to others. You could teleport. You had teleport control. You could walk on water. You had a huge damage bonus (+13). You had a large defense bonus (+12). You were protected. You took half spell damage. You were very fast. You had reflection. Your life would have been saved. You were extremely lucky. You had extra luck. Bad luck did not time out for you. Good luck did not time out for you. You survived. Miscellaneous: You encountered 1 bones level. Total elapsed playing time was 1 day, 20 hours, 59 minutes and 45 seconds. Major events: Turn 1: Grasshopper the neutral male human Wizard entered the dungeon 402: attained the rank of Conjurer (level 3) 608: entered the Gnomish Mines 1652: attained the rank of Thaumaturge (level 6) 3289: was bestowed with Magicbane by Thoth 8603: reached Mine Town 10283: acquired the Mines' End luckstone 10650: attained the rank of Magician (level 10) 13104: entered the Bigroom 13236: entered Sokoban 13567: completed 1st Sokoban level 14205: completed 2nd Sokoban level 14701: completed 3rd Sokoban level 15569: completed 4th Sokoban level 15671: acquired the Sokoban amulet of reflection 16199: was bestowed with Dragonbane by Thoth 18544: was bestowed with Mjollnir by Thoth 22637: made his first wish - "blessed greased fireproof historic bag of holding", got "a greased bag" 23872: killed Croesus 24955: killed Medusa 25868: wished for "blessed greased +5 silver dragon scale mail", got "a greased silver dragon scale mail" 25924: wished for "blessed rustproof greased +5 helm of brilliance", got "a greased crystal helmet" 26812: attained the rank of Enchanter (level 14) 27519: made his first artifact wish - "blessed greased rustproof platinum yendorian express card", got "a greased credit card named the Platinum Yendorian Express Card" 29640: killed the Dark One 29640: found the Eye of the Aethiopica carried by a monster 29653: acquired the Bell of Opening 29723: attained the rank of Sorcerer (level 18) 29739: was bestowed with Vorpal Blade by Thoth 31011: became Thoth's Envoy of Balance 31970: read a Discworld novel 32622: destroyed WizzyTheWeird's ghost, the former Magician 39325: entered Gehennom 39554: attained the rank of Necromancer (level 22) 45259: killed Orcus 46968: destroyed the invisible Vlad the Impaler 46970: acquired the Candelabrum of Invocation 47741: wished for "blessed fireproof spellbook of polymorph", got "a yellow spellbook" 49127: wished for "blessed fixed +5 ring of increase damage", got "a ring of increase damage" 49127: wished for "blessed fixed +5 ring of increase damage", got "a ring of increase damage" 49251: wished for "blessed fixed +5 ring of increase damage", got "a ring of increase damage" 50472: found Sunsword on the floor 51179: killed Asmodeus 51384: killed Juiblex 51707: killed Baalzebub 51984: killed the Wizard of Yendor 51989: acquired the Book of the Dead 52005: performed the invocation 52111: attained the rank of Wizard (level 26) 52240: killed the Wizard of Yendor (2nd time) 52266: killed the high priest of Moloch 52270: acquired The Amulet of Yendor 53537: wished for "blessed greased fireproof bag of holding", got "a greased bag of holding" 53974: wished for "uncursed magic marker", got "a magic marker" 54201: entered the Elemental Planes 54201: entered Plane of Earth 54202: killed the Wizard of Yendor (3rd time) 54248: entered Plane of Air 54345: entered Plane of Fire 54391: entered Plane of Water 54435: entered the Astral Plane 54458: found Frost Brand carried by a monster 54462: killed the invisible Pestilence 54477: ascended Vanquished creatures: Asmodeus Baalzebub Orcus Juiblex the Wizard of Yendor (thrice) Pestilence Vlad the Impaler 3 arch-liches a high cleric 2 mastodons Medusa Croesus 3 krakens an Archon an iron golem 2 master liches 3 ki-rin 4 storm giants 5 glass golems 2 balrogs 6 purple worms 4 gray dragons 2 gold dragons a silver dragon 8 red dragons 6 white dragons 6 orange dragons 5 black dragons 2 blue dragons 3 green dragons 4 yellow dragons 26 minotaurs 4 jabberwocks the Dark One a baluchitherium 23 Angels 10 demiliches 4 stone golems 5 master mind flayers 2 Olog-hai 8 Nazgul 9 pit fiends 3 sandestins 5 hell hounds 4 displacer beasts 3 titanotheres 4 trappers a baby silver dragon 2 guardian nagas 4 genetic engineers 5 disenchanters 31 vampire leaders 5 skeletons 3 shopkeepers a prisoner 32 aligned clerics 9 captains 6 shades 9 liches 4 clay golems 10 nurses 4 ice devils 2 nalfeshnees 4 lurkers above an Aleax 2 frost giants 4 ettins a golden naga 5 black puddings 27 vampires 9 lieutenants a watch captain 31 ghosts a healer a monk a rogue 2 queen bees 5 winged gargoyles 10 giant mimics 4 long worms 3 zruties 10 fire giants 5 ogre tyrants 2 ice trolls 7 rock trolls 8 umber hulks 16 flesh golems 3 elven monarchs 3 doppelgangers 6 hezrous 8 bone devils 6 large mimics 2 wumpuses 4 fire vortices 3 couatls 6 stalkers 5 air elementals 6 fire elementals 3 earth elementals 3 water elementals 9 hill giants 6 giant mummies a black naga 16 xorns 17 giant zombies 11 elf-nobles 21 sergeants 8 barbed devils 17 vrocks 3 salamanders 8 wargs a winter wolf 3 hell hound pups 22 small mimics 5 glass piercers 4 warhorses 5 steam vortices 10 xans 7 ettin mummies 4 ogre leaders 10 quantum mechanics 18 trolls a sasquatch 3 wood golems 2 erinyes 4 mariliths 5 sharks 3 electric eels 14 gelatinous cubes a pyrolisk 6 large dogs 5 freezing spheres 11 flaming spheres 10 shocking spheres 2 large cats 7 tigers 6 gargoyles 3 dwarf rulers 9 tengu 12 ochre jellies 5 leocrottas 11 energy vortices 4 mountain centaurs 9 stone giants 3 elf mummies 6 human mummies 2 red nagas 4 green slimes 6 pythons 6 pit vipers 5 cobras 50 wraiths 5 carnivorous apes 18 ettin zombies 5 leather golems 15 Grey-elves 122 soldiers 4 watchmen 9 amorous demons 4 horned devils 7 chameleons 5 crocodiles 15 giant beetles 12 quivering blobs 14 cockatrices 16 wolves 8 winter wolf cubs 3 lynxes 4 panthers 12 gremlins 6 spotted jellies 16 leprechauns 5 orc-captains 8 iron piercers 12 mumakil 10 giant spiders 8 scorpions 2 horses 2 ice vortices 9 black lights 63 vampire bats 2 forest centaurs 12 gnome rulers 5 orc mummies 2 dwarf mummies 3 ogres 7 brown puddings 15 rust monsters 11 owlbears 6 yetis 6 gold golems 3 werewolves 7 Green-elves a piranha 17 giant eels 29 lizards 4 chickatrices 6 dingoes 3 dogs a housecat 4 jaguars 11 dwarf leaders 3 blue jellies 6 white unicorns 2 gray unicorns a black unicorn 6 dust vortices 54 ravens 9 plains centaurs 4 gnome mummies 9 snakes 2 apes 25 human zombies 4 rope golems 29 Woodland-elves 16 soldier ants 12 fire ants 19 bugbears 8 imps 4 lemures 17 quasits 5 wood nymphs 5 water nymphs 3 mountain nymphs 37 Mordor orcs 23 Uruk-hai 6 orc shamans 9 rock piercers 7 rock moles 6 ponies 10 fog clouds 16 yellow lights 2 shriekers 7 violet fungi 21 gnome leaders 14 gnomish wizards 3 kobold mummies 7 gray oozes 5 barrow wights 18 elf zombies 15 ghouls 3 straw golems 4 paper golems 4 jellyfish a baby crocodile 32 giant ants a little dog 12 floating eyes a kitten 21 dwarves 8 homunculi 3 kobold leaders 6 kobold shamans 36 hill orcs 29 rothes 4 rabid rats 18 giant bats 3 monkeys 12 orc zombies 17 dwarf zombies 4 wererats 3 werejackals 15 iguanas 80 killer bees a coyote 2 gas spores 9 hobbits 15 manes 4 large kobolds 15 hobgoblins 4 giant rats 8 cave spiders 5 brown molds 6 yellow molds 5 green molds a red mold 81 gnomes 4 garter snakes 18 gnome zombies 8 geckos 10 jackals 4 foxes 2 kobolds 14 goblins 4 sewer rats 5 grid bugs 7 bats 8 lichens 18 kobold zombies 9 newts 2571 creatures vanquished. Extinct species: soldiers (extinct) 1 species extinct. Voluntary challenges: You read items or engraved 232 times. You never engraved Elbereth. You never genocided any monsters. You used 10 wishes (1 for an artifact). You did not violate any of the special Sokoban rules. Achievements: You attained the rank of Conjurer. You entered the Gnomish Mines. You attained the rank of Thaumaturge. You entered a shop. You entered a temple. You entered Minetown. You completed the Gnomish Mines. You attained the rank of Magician. You entered the Big Room. You entered Sokoban. You completed Sokoban. You defeated Medusa. You attained the rank of Enchanter. You handled the Bell of Opening. You attained the rank of Sorcerer. You read from a Discworld novel. You entered Gehennom. You attained the rank of Necromancer. You had the Candelabrum of Invocation. You handled the Book of the Dead. You gained access to Moloch's Sanctum. You attained the rank of Wizard. You reached the Elemental Planes. You reached the Astral Plane. You delivered the Amulet of Yendor. You ascended! The Elemental Planes: Astral Plane: <- You are here. A temple to Thoth. Plane of Water: Plane of Fire: Plane of Air: Plane of Earth: The Dungeons of Doom: levels 1 to 25 Level 1: Some fountains. One way stairs up to The Elemental Planes. Level 2: Some fountains. Stairs down to The Gnomish Mines. Level 3: "OLD LAIR" An altar to Thoth. Level 4: Level 5: Level 6: Level 7: A weapon shop. Level 8: "Oracle poly" Many fountains. Oracle of Delphi. Level 9: A fountain. Stairs up to Sokoban, level 8. Level 10: "LOOOOT stash" A very big room. Level 11: Many fountains. Level 12: "-s" An altar to Thoth. Portal to Fort Ludios. Level 13: "c" A general store, a fountain. Level 14: A fountain. Level 15: A fountain. Portal to The Quest. Level 16: Level 17: A grave. A primitive area. Final resting place for WizzyTheWeird-Wiz-Hum-Mal-Neu, killed by a captain. Level 18: A fountain. Level 19: "lp" A fountain. Level 20: "lp" Level 21: "Medusa" A fountain, many trees. Level 22: "LAIR" An altar to Thoth. Level 23: Level 24: Level 25: "castle" A fountain. The castle. Connection to Gehennom. Gehennom: levels 26 to 45 Level 26: A temple, many graves. Valley of the Dead. Level 27: Level 28: Level 29: "Asmo" Level 30: Level 31: "Jubes" A fountain. Level 32: Level 33: "Baalz" Level 34: Stairs up to Vlad's Tower, level 33. Level 35: "LOOOOOOOT" Level 36: Some shops, an altar. Level 37: "Rodney" Level 38: Level 39: "wiz bottom c" Level 40: "wiz portal" Level 41: "c" Level 42: Level 43: Level 44: Level 45: A temple, many graves. Moloch's Sanctum. The Gnomish Mines: levels 3 to 11 Level 3: Level 4: Level 5: Level 6: Many shops, a temple to Thoth, some fountains. Level 7: Level 8: Level 9: "watch" Level 10: Level 11: "poly" A fountain. The Quest: levels 1 to 5 Level 1: Completed quest for Neferet the Green. Level 2: Level 3: Level 4: Level 5: A temple to Thoth. Sokoban: levels 8 up to 5 Level 5: Solved. Level 6: Solved. Level 7: Solved. Level 8: Solved. Fort Ludios: Level 1: Vlad's Tower: levels 33 up to 31 Level 31: Level 32: Level 33: "c" Goodbye Grasshopper the Demigod... You and the invisible Romper and the purple worm and the purple worm and the purple worm and the purple worm and the purple worm and the purple worm went to your reward with 3229572 points, Magicbane (worth 3500 zorkmids and 8750 points) Vorpal Blade (worth 4000 zorkmids and 10000 points) Sunsword (worth 1500 zorkmids and 3750 points) Mjollnir (worth 4000 zorkmids and 10000 points) Dragonbane (worth 500 zorkmids and 1250 points) The Eye of the Aethiopica (worth 4000 zorkmids and 10000 points) The Platinum Yendorian Express Card (worth 7000 zorkmids and 17500 points) The Candelabrum of Invocation (worth 5000 zorkmids and 12500 points) 35 chrysoberyl stones (worth 24500 zorkmids), 27 amber stones (worth 27000 zorkmids), 24 emeralds (worth 60000 zorkmids), 23 amethyst stones (worth 13800 zorkmids), 21 obsidian stones (worth 4200 zorkmids), 20 jet stones (worth 17000 zorkmids), 18 opals (worth 14400 zorkmids), 18 jade stones (worth 5400 zorkmids), 15 rubies (worth 52500 zorkmids), 15 garnet stones (worth 10500 zorkmids), 15 jasper stones (worth 7500 zorkmids), 15 agate stones (worth 3000 zorkmids), 14 black opals (worth 35000 zorkmids), 9 jacinth stones (worth 29250 zorkmids), 8 aquamarine stones (worth 12000 zorkmids), 7 sapphires (worth 21000 zorkmids), 5 diamonds (worth 20000 zorkmids), 5 citrine stones (worth 7500 zorkmids), 4 dilithium crystals (worth 18000 zorkmids), 4 fluorite stones (worth 1600 zorkmids), 2 amulets of life saving (worth 300 zorkmids), 1 amulet of unchanging (worth 150 zorkmids), 1 amulet of magical breathing (worth 150 zorkmids), 1 amulet of guarding (worth 150 zorkmids), and 0 pieces of gold, after 54477 moves. You were level 28 with a maximum of 413 hit points when you ascended.